 Dungeon Crawl Stone Soup version 0.30.0 (webtiles) character file.

Game seed: 4088651919469372945

14081 Yetrias the Executioner (level 11, -3/82 HPs)
             Began as a Minotaur Berserker on Aug 18, 2023.
             Was a High Priest of Trog.
             Slain by an unseen horror (5 damage)
             ... on level 11 of the Dungeon.
             The game lasted 00:45:01 (11896 turns).

Yetrias the Executioner (Minotaur Berserker)       Turns: 11896, Time: 00:45:02

Health: -3/82      AC: 17    Str: 26    XL:     11   Next: 84%
Magic:  10/10      EV:  6    Int:  4    God:    Trog [*****.]
Gold:   275        SH: 13    Dex: 10    Spells: 10/10 levels left

rFire   . . .        H - +5 broad axe (chaos)
rCold   . . .        B - +2 kite shield
rNeg    . . .        o - +1 plate armour
rPois   .            (helmet restricted)
rElec   .            (no cloak)
rCorr   .            w - +0 pair of gloves
SInv    .            (no boots)
Will    +....        r - amulet of reflection Stlth
                     l - ring of willpower
HPRegen 0.33/turn    E - +4 ring of protection
MPRegen 0.12/turn

%: reflection
@: mighty, on berserk cooldown
A: horns 2, retaliatory headbutt
a: Renounce Religion, Berserk, Trog's Hand, Brothers in Arms


You were on level 11 of the Dungeon.
You worshipped Trog.
Trog was extremely pleased with you.
You visited 1 branch of the dungeon, and saw 11 of its levels.
You also visited: Ossuary.

You collected 561 gold pieces.
You spent 286 gold pieces at shops.

Inventory:

Hand Weapons
 v - a +5 flail
 H - a +5 broad axe of chaos (weapon)
 K - a +2 antimagic hand axe
 L - a +0 war axe
 P - a +0 battleaxe
Missiles
 u - 3 throwing nets (quivered)
Armour
 o - a +1 plate armour (worn)
 w - a +0 pair of gloves (worn)
 B - a +2 kite shield (worn)
 D - the +1 leather armour of Tartarus {rN+}
   (You found it on level 6 of the Dungeon)

   rN:        It protects you from negative energy.
Jewellery
 f - a ring of ice
 l - a ring of willpower (left hand)
 r - an amulet of reflection (around neck)
 A - a ring of ice
 E - a +4 ring of protection (right hand)
 O - a ring of poison resistance
Wands
 y - a wand of digging (2)
 z - a wand of charming (2)
 C - a wand of flame (13)
 M - a wand of quicksilver (6)
 N - a wand of iceblast (11)
Scrolls
 e - 3 scrolls of magic mapping
 p - 3 scrolls of vulnerability
 s - 2 scrolls of noise
 t - 7 scrolls of teleportation
Potions
 a - 4 potions of brilliance
 b - a potion of resistance
 c - 6 potions of flight
 d - 3 potions of might
 h - 3 potions of attraction
 i - a potion of degeneration
 j - 3 potions of invisibility
 m - 4 potions of cancellation
 n - 4 potions of curing
 q - a potion of magic
 x - a potion of lignification
 I - 3 potions of haste


   Skills:
 - Level 3.6 Fighting
 + Level 22.1 Axes
 - Level 2.4 Armour
 - Level 2.1 Dodging


You had 10 spell levels left.
You didn't know any spells.
Your spell library contained the following spells:

 Spells                   Type           Power      Damage    Failure   Level
 Ensorcelled Hibernation  Hex/Ice        0%         N/A       100%        2
 Passwall                 Tmut/Erth      0%         N/A       100%        2
 Ignite Poison            Fire/Tmut/Pois 0%         N/A       100%        3
 Summon Guardian Golem    Hex/Summ       0%         N/A       100%        3
 Swiftness                Air            0%         N/A       100%        3
 Sticky Flame             Conj/Fire      0%         2d3       100%        4
 Orb of Destruction       Conj           0%         9d5       100%        7
 Spellforged Servitor     Conj/Summ      0%         N/A       100%        7
 Ignition                 Fire           0%         3d3       100%        8


Dungeon Overview and Level Annotations

Branches:
Dungeon (11/15)            Temple (0/1) D:6            Lair (0/5) D:10
    Orc (0/2) D:10        Ossuary (visited)

Altars:
Ashenzari
Cheibriados
Hepliaklqana
Kikubaaqudgha
Okawaru
Qazlal
Trog
Uskayaw
Wu Jian

Shops:
D:2 (   D:5 :   D:7 ?

Annotations:
D:11 1 runed translucent door


Innate Abilities, Weirdness & Mutations

You have a pair of horns on your head.
You reflexively headbutt those who attack you in melee.


Message History

Something hits you but does no damage. x2
Something hits you but does no damage. x2
Items here: ) ? [ †††.
Something hits you but does no damage. You block something's attack.
Something hits you but does no damage. Something hits you.
Things that are here:
a +0 ring mail; a +0 spear; a scroll of fog You slash something!
Nothing appears to happen.
Something hits you. x2
Something hits you! x2
* * * LOW HITPOINT WARNING * * *
Something hits you but does no damage. x2
Things that are here:
a +0 ring mail; a +0 spear; a scroll of fog You start resting.
Something hits you.
* * * LOW HITPOINT WARNING * * *
Something hits you but does no damage. x2
You feel better. Something hits you but does no damage. Something hits you!
* * * LOW HITPOINT WARNING * * *
You are too injured to fight recklessly!
Something hits you.
* * * LOW HITPOINT WARNING * * *
Something hits you but does no damage. x2
Something hits you but does no damage.
You feel yourself speed up. Something hits you!
* * * LOW HITPOINT WARNING * * *
Something hits you but does no damage. x2
Items here: ) ? [ †††.
Something hits you!
* * * LOW HITPOINT WARNING * * *
Something hits you but does no damage.
You closely miss something. Your headbutt misses something. Something hits you.
* * * LOW HITPOINT WARNING * * *
Something hits you but does no damage.
You completely miss something. Your headbutt misses something.
Something hits you but does no damage. x2
You start resting.
Something hits you but does no damage.
You start resting.
Something hits you but does no damage. Something hits you.
You die...

'############ ####
#.#$...[#...# # ...
#.##...##....# .##..
##.#°○.#.#.#..# ....#
.#.##R##.#.##..##...#
.##.#c#.##.###..#..# .
#.#+#.#...###....#
#.##...#.....###[)#
#......#..).[@)# +#
##....###....(## .# #...##
##........... .#
#############################
.# ..........................
.# ........#<.............#.#
.#
#..........#####..###..##.#..
.#
#....##.......##..###..######
.#
#.............#..............


There were no monsters in sight!

Vanquished Creatures
  2 boulder beetles (D:11)
  A two-headed ogre (D:11)
  2 cyclopes (D:11)
  Joseph (D:8)
  A kobold demonologist (D:11)
  An unseen horror (D:11)
  2 komodo dragons
  4 hornets
  3 trolls
  2 shadows (D:10)
  2 wyverns
  5 yaks (D:10)
  7 vampire mosquitoes
  Menkaure (D:4)
  Edmund (D:6)
  2 water moccasins
  3 acid dragons
  Pargi (D:4)
  2 ice beasts
  9 orc warriors
  2 sky beasts
  2 black bears
  An ogre (D:5)
  A wolf (D:10)
  5 centaurs
  3 kobold brigands (D:10)
  A bullfrog (D:7)
  2 gnoll sergeants
  3 scorpions
  13 wights
  6 killer bees
  4 electric eels (D:10)
  7 howler monkeys
  3 jellies
  9 hounds
  8 orc priests
  5 iguanas
  11 orc wizards
  A mummy (Ossuary)
  Robin (D:3)
  5 adders
  12 gnolls
  4 dart slugs
  2 worms
  38 orcs
  3 spectral bats (Ossuary)
  6 ball pythons
  6 bats
  6 endoplasms
  3 giant cockroaches
  5 hobgoblins
  22 kobolds
  5 quokkas
  5 bat simulacra (Ossuary)
  5 frilled lizards
  12 gnoll zombies (Ossuary)
  16 goblins
  A goblin simulacrum (Ossuary)
  6 goblin zombies (Ossuary)
  3 hobgoblin zombies (Ossuary)
  6 kobold simulacra (Ossuary)
  5 kobold zombies (Ossuary)
  4 orc zombies (Ossuary)
  7 rats
  4 rat simulacra (Ossuary)
  A spectral goblin (Ossuary)
  4 spectral kobolds (Ossuary)
  A spectral rat (Ossuary)
337 creatures vanquished.

Vanquished Creatures (collateral kills)
  Nergalle (D:10)
1 creature vanquished.

Vanquished Creatures (others)
  16 plants (D:10)
16 creatures vanquished.

Grand Total: 354 creatures vanquished

Notes
Turn   | Place    | Note
-------+----------+-------------------------------------------
     0 | D:1      | Yetrias the Minotaur Berserker began the quest for the Orb.
     0 | D:1      | Reached XP level 1. HP: 19/19 MP: 0/0
   108 | D:1      | Reached skill level 4 in Axes
   290 | D:1      | Reached XP level 2. HP: 26/26 MP: 1/1
   782 | D:1      | Reached skill level 5 in Axes
   803 | D:1      | Found a faded altar of an unknown god.
   937 | D:1      | Reached XP level 3. HP: 29/31 MP: 2/2
  1469 | D:2      | Found a bloodstained altar of Trog.
  1544 | D:2      | Found Ylotsic's Antique Weapon Boutique.
  1790 | D:3      | Reached ** piety under Trog
  1987 | D:3      | Reached skill level 6 in Axes
  1987 | D:3      | Reached XP level 4. HP: 39/39 MP: 3/3
  2004 | D:3      | Noticed Robin
  2023 | D:3      | Killed Robin
  2329 | D:3      | Reached XP level 5. HP: 45/45 MP: 4/4
  2355 | D:3      | Found a hazy altar of Hepliaklqana.
  2379 | D:3      | Reached skill level 7 in Axes
  2739 | D:4      | Reached *** piety under Trog
  2968 | D:4      | Reached skill level 8 in Axes
  2985 | D:4      | Reached XP level 6. HP: 51/51 MP: 5/5
  2992 | D:4      | Noticed Menkaure
  3000 | D:4      | Killed Menkaure
  3001 | D:4      | Reached skill level 9 in Axes
  3051 | D:4      | Noticed an ice beast
  3064 | D:4      | Killed an ice beast
  3133 | D:4      | Reached XP level 7. HP: 57/57 MP: 6/6
  3207 | D:4      | Noticed Pargi
  3215 | D:4      | Killed Pargi
  3216 | D:4      | Reached skill level 10 in Axes
  3630 | D:5      | Entered Level 5 of the Dungeon
  3871 | D:5      | Reached skill level 11 in Axes
  4066 | D:5      | Reached XP level 8. HP: 51/64 MP: 7/7
  4204 | D:5      | Reached skill level 12 in Axes
  4326 | D:5      | Found Qiwk's Tiny Tomes.
  4342 | D:5      | Bought Sif Muna's Precepts of the Gang for 112 gold pieces
  4707 | D:6      | Noticed a komodo dragon
  4726 | D:6      | Killed a komodo dragon
  4727 | D:6      | Reached skill level 13 in Axes
  4861 | D:6      | Noticed Edmund
  4879 | D:6      | Killed Edmund
  4880 | D:6      | Reached skill level 14 in Axes
  5074 | D:6      | Found a staircase to the Ecumenical Temple.
  5242 | D:6      | Identified the +1 leather armour of Tartarus {rN+}
  5466 | D:7      | Reached XP level 9. HP: 63/70 MP: 8/8
  5795 | D:7      | Found Hotail's Magic Scroll Shoppe.
  5803 | D:7      | Bought a scroll of brand weapon for 114 gold pieces
  5803 | D:7      | Bought a scroll of identify for 24 gold pieces
  5903 | D:7      | Bought a scroll of teleportation for 36 gold pieces
  5944 | D:7      | Found a sand-covered staircase.
  5950 | Ossuary  | Entered an ossuary
  5975 | Ossuary  | Reached **** piety under Trog
  6281 | Ossuary  | Reached skill level 15 in Axes
  6292 | Ossuary  | Reached ***** piety under Trog
  6878 | D:8      | Noticed Joseph
  6888 | D:8      | Killed Joseph
  6889 | D:8      | Reached skill level 16 in Axes
  7239 | D:8      | Found a large runed translucent door.
  7240 | D:8      | Found a large runed translucent door.
  7249 | D:8      | Found a stormy altar of Qazlal.
  7268 | D:8      | Found an iron altar of Okawaru.
  7478 | D:8      | Reached skill level 17 in Axes
  7478 | D:8      | Reached XP level 10. HP: 69/77 MP: 9/9
  8059 | D:8      | Found a snail-covered altar of Cheibriados.
  8131 | D:9      | Found a broken altar of Ashenzari.
  8334 | D:9      | Reached skill level 18 in Axes
  8591 | D:9      | Received a gift from Trog
  9128 | D:9      | Found a hide-covered altar of Uskayaw.
  9128 | D:9      | Found an ancient bone altar of Kikubaaqudgha.
  9766 | D:10     | Entered Level 10 of the Dungeon
  9771 | D:10     | Reached skill level 19 in Axes
  9955 | D:10     | Paralysed by a hornet for 1 turns
 10299 | D:10     | Reached XP level 11. HP: 73/82 MP: 10/10
 10352 | D:10     | Found a staircase to the Orcish Mines.
 10543 | D:10     | Reached skill level 20 in Axes
 10593 | D:10     | Found a staircase to the Lair.
 11072 | D:10     | Found an ornate altar of the Wu Jian Council.
 11308 | D:10     | Noticed Nergalle
 11318 | D:10     | Killed Nergalle
 11756 | D:11     | Noticed a centaur warrior
 11756 | D:11     | Noticed a centaur warrior
 11758 | D:11     | Found a runed translucent door.
 11762 | D:11     | Noticed a boulder beetle
 11770 | D:11     | Killed a boulder beetle
 11818 | D:11     | Reached skill level 21 in Axes
 11822 | D:11     | Noticed a two-headed ogre
 11829 | D:11     | Killed a two-headed ogre
 11835 | D:11     | Noticed a boulder beetle
 11851 | D:11     | Received a gift from Trog
 11854 | D:11     | Killed a boulder beetle
 11861 | D:11     | Reached skill level 22 in Axes
 11892 | D:11     | HP: 2/82 [something (8)]
 11896 | D:11     | Slain by an unseen horror

Illustrated notes

Levels and vault maps discovered:
D:1:      minmay_arrival_solitary_statue, layout_loops_corners,
          ebering_ecumenical_altar_mist
D:2:      layout_basic, serial_shops, shop, basic_altar, minmay_tetromino_t4
D:3:      layout_basic, mainiacjoe_overflow_paths,
          hangedman_decor_clover_reticule, uniq_robin
D:4:      layout_gridville, st_stairs_6, grunt_ministairs_12, uniq_menkaure,
          uniq_pargi
D:5:      layout_gridville, nicolae_shop_i_like_small_books_too, feat_on_display
D:6:      layout_basic, temple_green, uniq_edmund
D:7:      layout_basic, serial_shops, nicolae_shop_pleasant_corner_grove,
          enter_ossuary_2
D:8:      layout_basic, jmf_multi_god_temple2, kennysheep_mini, uniq_joseph
D:9:      layout_basic, mainiacjoe_overflow_boulevard,
          gammafunk_temple_overflow_elements
D:10:     layout_cave_pods, nicolae_wu_jian_immortal_techniques,
          erik_lair_island, david_orc_4, wad_woods_river_04, grunt_ministairs_4,
          statue_in_the_mist_lemuel, palyth_stone_intersect,
          minmay_misc_feat_square, minmay_misc_feat_plants,
          kennysheep_generic_room_16, uniq_nergalle
D:11:     minmay_the_grid_triangle_9x9_line_8_mashed
          [minmay_the_grid_triangle_9x9_subtriangle,
          minmay_the_grid_triangle_9x9_sprig,
          minmay_the_grid_triangle_9x9_semitri,
          minmay_the_grid_triangle_9x9_windchime,
          minmay_the_grid_triangle_9x9_alien,
          minmay_the_grid_triangle_9x9_corruption,
          minmay_the_grid_triangle_9x9_intruding_spiral,
          minmay_the_grid_triangle_9x9_prize_center], layout_stronghold

Skill      XL: |  1  2  3  4  5  6  7  8  9 10 11 |
---------------+----------------------------------+-----
Axes           | 4 5 6 8 9 11 14 17 19 22 | 22.1
Fighting       | |  3.6
Armour         | |  2.4
Dodging        | |  2.1

Action                     |  1- 3 |  4- 6 |  7- 9 | 10-12 || total
---------------------------+-------+-------+-------+-------++-------
  Melee: Hand axe          |   101 |   134 |   333 |       ||   568
         Headbutt          |    12 |    17 |    78 |    66 ||   173
         Punch             |       |       |     2 |       ||     2
         War axe           |       |       |    60 |    25 ||    85
         Battleaxe         |       |       |       |   110 ||   110
         Broad axe         |       |       |       |   242 ||   242
 Invoke: Berserk           |       |     1 |     3 |     3 ||     7
         Brothers in Arms  |       |       |       |     1 ||     1
    Use: Scroll            |       |       |    12 |    16 ||    28
         Potion            |       |       |       |     7 ||     7
   Stab: Paralysed         |       |       |       |     4 ||     4
         Distracted        |       |       |       |     1 ||     1
 Armour: Ring mail         |    26 |       |       |       ||    26
         Animal skin       |     1 |       |       |       ||     1
         Plate armour      |     8 |    56 |   131 |   177 ||   372
         Scale mail        |     1 |       |       |       ||     1
  Dodge: Dodged            |    44 |    49 |    58 |    57 ||   208
  Block: Other             |       |     8 |    18 |    30 ||    56
         Kite shield       |       |       |   119 |   127 ||   246
         Reflection        |       |       |     7 |     6 ||    13
